AoeStats
← juanse071213

Black Forest

510642300Analyzed
4v4 RM · 12h ago on Oct 1, 2026· 13m 20s· 8 players
Game mode
Random Map
Map size
Large (8 player)
Population
200
Speed
Normal
Resources
Standard
Victory
Conquest
Starting age
Dark Age
Ending age
Imperial Age
RankedLock teamsTeams togetherTeam positionsShared explorationLock speedFull tech treeHidden civsTurbo modeCheats
Victory
Defeat
🇺🇸 Cumans · United States
1042
+11
🇫🇷 Byzantines · France
1025
+11
🇬🇹 Japanese · Guatemala
960
+14
🇬🇹 Cumans · Guatemala
951
+14
🇨🇴 Celts · Colombia
949
-14
🇦🇷 Franks · Argentina
904
-12
🇨🇴 Persians · Colombia
902
-12
🇨🇴 Hindustanis · Colombia
899
-12
juniorhernandez2675
1:28 Loom
13:35 Feudal Age
mathmerle29
12:39 Loom
15:14 Feudal Age
RarinWheel65511
11:37 Feudal Age
12:16 Horse Collar
12:24 Double-Bit Axe
Knog502
3:25 Loom
10:43 Feudal Age
11:21 Double-Bit Axe
darherlo
4:56 Loom
11:23 Feudal Age
sebastian susa
2:16 Loom
juanse071213
0:45 Loom
12:27 Feudal Age
__As_Sgto_Cabral_Arg
1:21 Loom
14:09 Feudal Age
Connection lost

Rejoining the realm…

Still unreachable

The connection could not be restored.

Session expired

The server has moved on; the page needs a fresh start.